 Dungeon Crawl Stone Soup version 0.21-a0-426-g98080a9 (webtiles) character file.

4 Gorice the Magician (level 1, -2/15 HPs)
             Began as a Demonspawn Wanderer on Nov 5, 2017.
             Slain by a jackal (3 damage)
             ... on level 1 of the Dungeon.
             The game lasted 00:01:54 (267 turns).

Gorice the Magician (Demonspawn Wanderer)            Turns: 267, Time: 00:01:54

Health: -2/15      AC:  2    Str: 13    XL:     1   Next: 50%
Magic:  6/6        EV: 11    Int: 12    God:
Gold:   0          SH:  0    Dex: 12    Spells: 9/10 levels left

rFire    . . .     SeeInvis .   d - +0 club
rCold    . . .     Gourm    .   (no shield)
rNeg     . . .     Faith    .   c - +0 robe
rPois    .         Spirit   .   (no helmet)
rElec    .         Reflect  .   (no cloak)
rCorr    .         Harm     .   (no gloves)
MR       .....                  (no boots)
Stlth    ++........             (no amulet)
HPRegen  0.05/turn              (no ring)
MPRegen  0.10/turn              (no ring)

@: no status effects
A: no striking features
a: no special abilities


You were on level 1 of the Dungeon.
You were not hungry.

You visited 1 branch of the dungeon, and saw 1 of its levels.

Inventory:

Hand Weapons
 d - a +0 club (weapon)
Armour
 c - a +0 robe (worn)
Books
 a - a book of Air
 b - the Guide on Poison

   Spells                             Type                      Level
   a - Sting                          Conjuration/Poison           1
   b - Ignite Poison                  Fire/Transmutation/Poison    3
Comestibles
 f - a bread ration {!e}
 g - 4 chunks of flesh


   Skills:
 + Level 1.1 Fighting
 - Level 1.0 Stealth
 - Level 5.0 Spellcasting
   Level 1.0 Charms
 - Level 1.7 Air Magic
   Level 1.0 Evocations


You had 9 spell levels left.
You knew the following spells:

 Your Spells              Type           Power        Failure   Level  Hunger
a - Shock                 Conj/Air       #...         14%         1    None


Dungeon Overview and Level Annotations

Branches:
Dungeon (1/15)

Altars:


Message History

The giant cockroach completely misses you.
The giant cockroach closely misses you.
You hit the giant cockroach but do no damage.
The giant cockroach is heavily wounded.
The giant cockroach misses you.
The giant cockroach bites you but does no damage.
You hit the giant cockroach.
The giant cockroach is severely wounded.
The giant cockroach barely misses you.
You closely miss the giant cockroach.
The giant cockroach is severely wounded.
The giant cockroach closely misses you. The giant cockroach misses you.
You hit the giant cockroach.
You kill the giant cockroach!
Your Fighting skill increases to level 1!
You see here a giant cockroach corpse.
You butcher the giant cockroach corpse.
Some of the chunks of flesh in your inventory have rotted away.
g - 4 chunks of flesh (gained 1)
You open the large door.
A jackal and a goblin come into view.
The goblin is wielding a dagger of freezing.
The kobold shouts!
The jackal barks!
The kobold shouts!
The goblin shouts!
You hear a shout! x3; The hobgoblin shouts!
Found 22 gold pieces.
Unknown command.
The goblin shouts!
You hit the jackal.
The jackal is lightly wounded.
You hear a shout!
The jackal bites you.
* * * LOW HITPOINT WARNING * * *
The goblin hits you with a dagger of freezing.
* * * LOW HITPOINT WARNING * * *
The goblin freezes you.
* * * LOW HITPOINT WARNING * * *
The jackal barely misses you. The goblin hits you but does no damage.
Damage: 6 (max 6) Unknown command.
The kobold shouts!
The jackal closely misses you. The jackal bites you.
* * * LOW HITPOINT WARNING * * *
Damage: 1 (max 6)
You hit the jackal but do no damage.
The jackal is lightly wounded.
The jackal bites you.
* * * LOW HITPOINT WARNING * * *
The jackal bites you.
You die...

## ....#...#. ##. .⌠.
....#...##..# .#
..gK#####.....#......#..
.bK#$#.8......##......##.
#.'............##..#.##
#.'......##..#..#...#.###
.Obg#$#.8..g......#...#..#...
...r# ###..h#...#.#....##.###
.⌠. #..##@...##...##)..#.# #
#..#...#....#....##.#..
..................#...##.#
##########################


You could see a jackal and a goblin.

Vanquished Creatures
  2 giant cockroaches (D:1)
  A hobgoblin (D:1)
3 creatures vanquished.

Notes
Turn   | Place    | Note
-------+----------+-------------------------------------------
     0 | D:1      | Gorice the Demonspawn Wanderer began the quest for the Orb.
     0 | D:1      | Gorice set off with: a book of Air, the Guide on Poison, a +0 robe, a +0 club, a bread ration {!e}
     0 | D:1      | Reached XP level 1. HP: 13/13 MP: 6/6
     0 | D:1      | Identified the Guide on Poison
     2 | D:1      | Learned a level 1 spell: Shock
   250 | D:1      | Reached skill level 1 in Fighting
   261 | D:1      | Noticed an ogre
   261 | D:1      | HP: 4/15 [goblin/dagger of freezing (1)]
   262 | D:1      | Noticed an ogre
   267 | D:1      | HP: 1/15 [jackal (2)]
   267 | D:1      | Slain by a jackal

Vault maps used:
D:1:      erik_arrival_cave_to_civilisation, minmay_cupped

Skill      XL: |  1 |
---------------+----+-----
Fighting       | 1 |  1.1
Stealth        | |  1.0
Spellcasting   | |  5.0
Charms         | |  1.0
Air Magic      | |  1.7
Evocations     | |  1.0

Action                   || total
-------------------------++-------
Melee: Club              ||    31
 Stab: Sleeping          ||     1
Armor: Robe              ||     5
Dodge: Dodged            ||    27

Table legend:
 A = Spawn XP
 B = Non-spawn XP
 C = Spawn XP percentage of total XP
 D = Spawn monster count
 E = Non-spawn monster count
 F = Spawn count percentage of total count
 G = Total turns spent on level
                    A         B        C        D         E        F      G
               +---------+---------+-------+---------+---------+-------+---------
         Total |       0 |       6 |   0.0 |       0 |       3 |   0.0 |   267
               +---------+---------+-------+---------+---------+-------+---------
           D:1 |       0 |       6 |   0.0 |       0 |       3 |   0.0 |   267
               +---------+---------+-------+---------+---------+-------+---------

Table legend:
 A = Turns spent in this place as a percentage of turns spent in the entire game.
 B = Non-inter-level travel turns spent in this place as a percentage of non-inter-level travel turns spent in the entire game.
 C = Inter-level travel turns spent in this place as a percentage of turns spent in this place.
 D = Turns resting spent in this place as a percentage of non-inter-level travel turns spent in this place.
 E = Turns spent auto-exploring this place as a percentage of non-inter-level travel turns spent in this place.
 F = Non-inter-level travel turns spent in this place divided by the number of levels of this place that you've seen.
                   A       B       C       D       E      F
               +-------+-------+-------+-------+-------+----------------------
         Total | 100.0 | 100.0 |   0.0 |  64.4 |   7.1 | 267.0
       Dungeon | 100.0 | 100.0 |   0.0 |  64.4 |   7.1 | 267.0
               +-------+-------+-------+-------+-------+----------------------

Vault maps used:
D:1:      erik_arrival_cave_to_civilisation, minmay_cupped
